 Dungeon Crawl Stone Soup version 0.27-a0-1202-ge72e49191c (webtiles) character file.

Game seed: 12878650663401018906

39 deadmanwalking the Magician (level 3, -1/19 HPs)
             Began as a Deep Elf Hedge Wizard on June 2, 2021.
             Slain by an adder (2 damage)
             ... on level 2 of the Dungeon.
             The game lasted 00:04:31 (2074 turns).

deadmanwalking the Magician (Deep Elf Hedge Wizard) Turns: 2074, Time: 00:04:32

Health: -1/19      AC:  3    Str:  7    XL:     3   Next: 28%
Magic:  1/11       EV: 12    Int: 19    God:
Gold:   44         SH:  0    Dex: 14    Spells: 2/12 levels left

rFire    + . .     SeeInvis .   a - +1 dagger
rCold    + . .     Faith    .   (no shield)
rNeg     . . .     Spirit   .   b - +0 robe
rPois    +         Reflect  .   c - +0 hat
rElec    +         Harm     .   (no cloak)
rCorr    +         Rampage  .   (no gloves)
Will     .....                  (no boots)
Stlth    ++........             (no amulet)
HPRegen  0.06/turn              (no ring)
MPRegen  0.12/turn              (no ring)

@: brilliant, resistant
A: shaggy fur 1
a: no special abilities


You were on level 2 of the Dungeon.
You visited 1 branch of the dungeon, and saw 2 of its levels.

You collected 44 gold pieces.

Inventory:

Hand Weapons
 a - a +1 dagger (weapon)
Missiles
 g - 5 stones
 i - 16 sling bullets
Armour
 b - a +0 robe (worn)
 c - a +0 hat (worn)
Scrolls
 h - a scroll of immolation
 k - a scroll of blinking
Potions
 e - 2 potions of degeneration


   Skills:
 - Level 2.4 Dodging
 - Level 2.4 Stealth
 + Level 5.0 Spellcasting
 + Level 2.1 Conjurations
 + Level 1.1 Hexes
 + Level 1.5 Summonings
 + Level 1.5 Translocations
 + Level 0.3 Fire Magic


You had 2 spell levels left.
You knew the following spells:

 Your Spells              Type           Power      Damage    Failure   Level
a - Magic Dart            Conj           76%        1d6       5%          1
b - Blink                 Tloc           N/A        N/A       10%         2
c - Call Imp              Summ           15%        N/A       10%         2
d - Slow                  Hex            13%        N/A       12%         2
e - Conjure Flame         Conj/Fire      14%        6-21      22%         3

Your spell library contained the following spells:

 Spells                   Type           Power      Damage    Failure   Level
 Mephitic Cloud           Conj/Pois/Air  11%        N/A       28%         3


Dungeon Overview and Level Annotations

Branches:
Dungeon (2/15)

Altars:

Annotations:
D:2 Robin


Innate Abilities, Weirdness & Mutations

You are covered in fur. (AC +1)


Message History

Aiming: Magic Dart (safe; 5% risk of failure)
Press: ? - help, Shift-Dir - straight line, f/p - adder
Aim: an adder (moderately wounded, ally target, 100% to hit)
The magic dart hits the adder.
The adder is heavily wounded.
The adder bites you.
* * * LOW HITPOINT WARNING * * *
Your crimson imp hits the adder but does no damage.
Casting: Magic Dart (safe; 5% risk of failure)
Confirm with . or Enter, or press ? or * to list all spells.
Aiming: Magic Dart (safe; 5% risk of failure)
Press: ? - help, Shift-Dir - straight line, f/p - adder
Aim: an adder (heavily wounded, ally target, 100% to hit)
Okay, then.
It was a potion of brilliance.
You feel clever all of a sudden. The adder bites you but does no damage.
Your crimson imp barely misses the adder.
Casting: Magic Dart (safe; 5% risk of failure)
Confirm with . or Enter, or press ? or * to list all spells.
Aiming: Magic Dart (safe; 5% risk of failure)
Press: ? - help, Shift-Dir - straight line, f/p - adder
Aim: an adder (heavily wounded, ally target, 100% to hit)
You feel a surge of power!
The magic dart hits the adder but does no damage.
The adder is heavily wounded.
The adder completely misses you. The adder closely misses you.
Your crimson imp hits the adder.
Casting: Magic Dart (safe; 5% risk of failure)
Confirm with . or Enter, or press ? or * to list all spells.
Aiming: Magic Dart (safe; 5% risk of failure)
Press: ? - help, Shift-Dir - straight line, f/p - adder
Aim: an adder (severely wounded, ally target, 100% to hit)
You feel a surge of power!
The magic dart hits the adder.
The adder is severely wounded.
The adder misses you.
Your crimson imp hits the adder.
It was a potion of resistance.
You feel protected. The adder bites you.
You die...

......# #......#
......# #......#
......# ##..####
).....# #####..#
##.##########......#
#.##.........##.###
#.##.##########.#
#.#..# #.# #...##
#@# ##### ##S# #5g#
###.## #...#
#####.### #.....#
...#####.#####
#........#


You could see an adder (ally target), a goblin and a friendly crimson imp
(summoned).

Vanquished Creatures
  A dart slug (D:1)
  4 bats
  3 endoplasms (D:1)
  A giant cockroach (D:1)
  3 hobgoblins
  4 jackals (D:1)
  A ball python (D:2)
  A frilled lizard (D:2)
  9 goblins
  3 kobolds
  4 rats
34 creatures vanquished.

Notes
Turn   | Place    | Note
-------+----------+-------------------------------------------
     0 | D:1      | deadmanwalking the Deep Elf Hedge Wizard began the quest
                  | for the Orb.
     0 | D:1      | Reached XP level 1. HP: 10/10 MP: 7/7
   295 | D:1      | Reached XP level 2. HP: 14/15 MP: 2/9
   298 | D:1      | Learned a level 2 spell: Blink
   301 | D:1      | Learned a level 2 spell: Call Imp
   304 | D:1      | Learned a level 2 spell: Slow
   563 | D:1      | Found a faded altar of an unknown god.
  1669 | D:2      | Reached skill level 1 in Hexes
  1669 | D:2      | Reached XP level 3. HP: 18/19 MP: 7/11
  1673 | D:2      | Learned a level 3 spell: Conjure Flame
  1782 | D:2      | Reached skill level 5 in Spellcasting
  1867 | D:2      | Noticed Robin
  2069 | D:2      | Gained mutation: You are covered in fur. (AC +1) [potion of
                  | mutation]
  2074 | D:2      | Slain by an adder

Illustrated notes

Levels and vault maps discovered:
D:1:      lightli_arrival_statue_moat, layout_basic,
          ebering_ecumenical_altar_hall, patterned_corridor
D:2:      layout_rooms, uniq_robin

Skill      XL: |  1  2  3 |
---------------+----------+-----
Conjurations   | 2 |  2.1
Hexes          | 1 |  1.1
Spellcasting   | 5 |  5.0
Dodging        | |  2.4
Stealth        | |  2.4
Summonings     | |  1.5
Translocations | |  1.5
Fire Magic     | |  0.3

Action                   || total
-------------------------++-------
 Cast: Magic Dart        ||    94
       Blink             ||     1
       Call Imp          ||     1
  Use: Scroll            ||     5
       Potion            ||     3
Armor: Robe              ||     5
Dodge: Dodged            ||    19

Table legend: (Time is in decaauts)
 A = Elapsed time spent in this place.
 B = Non-inter-level travel time spent in this place.
 C = Inter-level travel time spent in this place.
 D = Time resting spent in this place.
 E = Time spent auto-exploring this place.
 F = Levels seen in this place.
 G = Mean time per level.
                   A        B        C        D        E       F      G
               +--------+--------+--------+--------+--------+-----+--------+
         Total |   2078 |   1941 |    137 |     74 |   1656 |   2 | 1039.0 |
       Dungeon |   2078 |   1941 |    137 |     74 |   1656 |   2 | 1039.0 |
               +--------+--------+--------+--------+--------+-----+--------+

Top non-repeatable levels by time:
     D:1: 1733 daAuts
     D:2: 345 daAuts
